 Dungeon Crawl Stone Soup version 0.30-a0-613-gdd512c7efb (webtiles) character file.

Game seed: 5411275663576465109

26 wormed the Caller (level 2, 0/11 HPs)
             Began as a Felid Summoner on Jan 8, 2023.
             Succumbed to an adder's poison
             ... on level 2 of the Dungeon.
             The game lasted 00:03:13 (1572 turns).

wormed the Caller (Felid Summoner)                  Turns: 1572, Time: 00:03:14

Health: 0/11       AC:  1    Str:  4    XL:     2   Next: 89%
Magic:  2/6        EV: 17    Int: 16    God:
Gold:   4          SH:  0    Dex: 16    Spells: 5/6 levels left
                                        Lives:  0   Deaths: 0

rFire   . . .      SeeInvis +    (weapon unavailable)
rCold   . . .      Faith    .    (shield unavailable)
rNeg    . . .      Spirit   .    (body armour unavailable)
rPois   .          Reflect  .    (helmet unavailable)
rElec   .          Harm     .    (cloak unavailable)
rCorr   .          Rampage  .    (gloves unavailable)
Will    .....                    (boots unavailable)
Stlth   ++                       (no amulet)
HPRegen 0.21/turn                (no ring)
MPRegen 0.10/turn                (no ring)

@: lethally poisoned (0 -> -2), quick
A: very small, claws 1, fangs 3, see invisible, speed 1, shaggy fur 1, stealthy
paws, no weapons or thrown items, no armour, multi-lived
a: no special abilities


You were on level 2 of the Dungeon.
You visited 1 branch of the dungeon, and saw 2 of its levels.

You collected 4 gold pieces.

Inventory:

Jewellery
 i - a ring of resist corrosion
Scrolls
 d - a scroll of identify
Potions
 a - a potion of magic
 h - a potion of brilliance


   Skills:
 - Level 2.6 Dodging
 - Level 2.6 Stealth
 + Level 2.7 Spellcasting
 + Level 4.4 Summonings


You had 5 spell levels left.
You knew the following spells:

 Your Spells              Type           Power      Damage    Failure   Level
a - Summon Small Mammal   Summ           64%        N/A       3%          1

Your spell library contained the following spells:

 Spells                   Type           Power      Damage    Failure   Level
 Call Imp                 Summ           16%        N/A       4%          2
 Call Canine Familiar     Summ           16%        N/A       9%          3
 Summon Guardian Golem    Hex/Summ       9%         N/A       22%         3
 Summon Lightning Spire   Summ/Air       9%         N/A       58%         4


Dungeon Overview and Level Annotations

Branches:
Dungeon (2/15)

Altars:


Innate Abilities, Weirdness & Mutations

You have sharp claws.
You have razor-sharp teeth.
You have supernaturally acute eyesight. (SInv)
You cover ground quickly. (Speed+)
You are covered in fur. (AC +1)
Your paws help you pounce on unaware monsters.
You are incapable of wielding weapons or throwing items.
You cannot wear armour.
You gain extra lives every three experience levels.


Message History

Your rat barely misses the adder.
The adder hisses angrily.
You scratch the adder but do no damage. Your bite misses the adder.
The adder is heavily wounded.
The adder misses you.
Your rat closely misses the adder.
Casting: Summon Small Mammal (safe; 3% risk of failure)
Confirm with . or Enter, or press ? or * to list all spells.
The adder closely misses you. The adder misses you.
Your rat bites the adder but does no damage.
You scratch the adder but do no damage. Your bite misses the adder.
The adder is heavily wounded.
The adder misses you.
Your rat closely misses the adder.
You closely miss the adder. Your bite misses the adder.
The adder is heavily wounded.
The adder completely misses you.
Your rat barely misses the adder.
Your rat bites the adder.
You closely miss the adder.
The adder is severely wounded.
The adder bites you.
You are poisoned.
The adder poisons you!
Your rat closely misses the adder.
Your rat misses the adder. The adder bites you.
You miss the adder. You bite the adder, but do no damage.
The adder is severely wounded.
* * * LOW HITPOINT WARNING * * *
You feel sick. The adder barely misses you.
Your rat bites the adder. x2
You closely miss the adder.
The adder is almost dead.
* * * LOW HITPOINT WARNING * * *
You feel sick. The adder closely misses you.
Your rat barely misses the adder.
Your rat closely misses the adder.
You barely miss the adder.
The adder is almost dead.
* * * LOW HITPOINT WARNING * * *
You feel sick. The adder bites you.
* * * LOW HITPOINT WARNING * * *
Your rat closely misses the adder. x2
You closely miss the adder.
The adder is almost dead.
You die...

#.# ########## #.#
########........# #.#
..............#.# #.#
...........##.#.######.#
...........#......†....#
.............##.########
......r....#.##.#
....(.S@...#.##.#
......r....#.##.#
...........#.##.#
...........#.##.#
##.........#.##.#
###########.##.# #.# #.#
#.#


You could see an adder (ally target) and 2 friendly rats.

Vanquished Creatures
  A goblin (D:1)
  A ball python (D:1)
2 creatures vanquished.

Vanquished Creatures (collateral kills)
  A worm (D:2)
  2 dart slugs
  3 ball pythons
  A bat (D:1)
  2 endoplasms
  2 goblins (D:1)
  A frilled lizard (D:1)
  3 kobolds (D:1)
  3 rats (D:1)
18 creatures vanquished.

Grand Total: 20 creatures vanquished

Notes
Turn   | Place    | Note
-------+----------+-------------------------------------------
     0 | D:1      | wormed the Felid Summoner began the quest for the Orb.
     0 | D:1      | Reached XP level 1. HP: 7/7 MP: 4/4
    91 | D:1      | Found a faded altar of an unknown god.
   517 | D:1      | Reached XP level 2. HP: 11/11 MP: 3/6
  1572 | D:2      | Succumbed to an adder's poison

Illustrated notes

Levels and vault maps discovered:
D:1:      lemuel_arrival_behind_the_door_small, layout_basic,
          ebering_ecumenical_altar_hall
D:2:      layout_basic, kennysheep_potato, uniq_natasha, uniq_terence

Action                   || total
-------------------------++-------
Melee: Unarmed           ||    15
       Bite              ||     3
 Cast: Summon Small Mamm ||    57
  Use: Scroll            ||     6
Armor: Skin              ||     2
Dodge: Dodged            ||    28

Table legend: (Time is in decaauts)
 A = Elapsed time spent in this place.
 B = Non-inter-level travel time spent in this place.
 C = Inter-level travel time spent in this place.
 D = Time resting spent in this place.
 E = Time spent auto-exploring this place.
 F = Levels seen in this place.
 G = Mean time per level.
                   A        B        C        D        E       F      G
               +--------+--------+--------+--------+--------+-----+--------+
         Total |   1361 |   1284 |     77 |      0 |    967 |   2 |  680.5 |
       Dungeon |   1361 |   1284 |     77 |      0 |    967 |   2 |  680.5 |
               +--------+--------+--------+--------+--------+-----+--------+

Top non-repeatable levels by time:
     D:1: 1151 daAuts
     D:2: 210 daAuts
